 Dungeon Crawl Stone Soup version 0.32-a0-132-g2d33c3cfaf (webtiles) character file.

Game seed: 2316600115962341829

564 hipposaver the Ducker (level 7, -3/50 HPs)
             Began as a Djinni Conjurer on Feb 10, 2024.
             Slain by a black bear (10 damage)
             ... on level 4 of the Dungeon.
             The game lasted 00:09:28 (3884 turns).

hipposaver the Ducker (Djinni Conjurer)             Turns: 3884, Time: 00:09:28

Health: -3/50      AC:  3    Str:  8    XL:     7   Next: 58%
Gold:   158        EV: 14    Int: 20    God:
                   SH:  0    Dex: 17

rFire   + + .        (no weapon)
rCold   x . .        (no shield)
rNeg    . . .        a - +0 robe
rPois   ∞            n - +0 helmet
rElec   .            (no cloak)
rCorr   .            (no gloves)
SInv    .            (boots unavailable)
Will    .....        (no amulet)
Stlth   ++           b - +6 ring of dexterity
HPRegen 0.28/turn    c - +4 ring of slaying
MPRegen 0.00/turn

%: infuse magic (-4 HP)
@: flying
A: sickness immunity, fire resistance 2, cold vulnerability 1, float, innate
caster, HP casting, extra vitality 1
a: no special abilities


You were on level 4 of the Dungeon.
You visited 1 branch of the dungeon, and saw 5 of its levels.

You collected 158 gold pieces.

Inventory:

Missiles
 f - 5 silver javelins
 l - a throwing net
Armour
 a - a +0 robe (worn)
 n - a +0 helmet (worn)
Jewellery
 b - a +6 ring of dexterity (left hand)
 c - a +4 ring of slaying (right hand)
Scrolls
 e - a scroll of amnesia
 h - 4 scrolls of teleportation
 k - a scroll of enchant weapon
 o - a scroll of silence {unknown}
Potions
 d - 2 potions of attraction
 g - a potion of haste
 i - 2 potions of curing
 j - a potion of might
 m - a potion of lignification {unknown}
 p - a potion of heal wounds {unknown}
 q - a potion of resistance {unknown}


   Skills:
 + Level 3.5 Fighting
 + Level 3.5 Armour
 + Level 4.6 Dodging
 - Level 1.5 Stealth
 + Level 4.5 Spellcasting
 + Level 4.5 Conjurations
 + Level 4.5 Hexes
 + Level 4.5 Summonings
 + Level 4.5 Necromancy
 + Level 4.5 Translocations
 + Level 4.5 Fire Magic
 + Level 4.5 Ice Magic
 + Level 4.5 Air Magic
 + Level 4.5 Earth Magic
 + Level 4.5 Alchemy


You knew the following spells:

 Your Spells              Type           Power      Damage    Failure   Level
a - Magic Dart            Conj           88%        1d7       1%          1
b - Searing Ray           Conj           44%        2d6       2%          2
c - Fulminant Prism       Conj/Alch      11%        3d9       19%         4
d - Iskenderun's Mystic   Conj/Tloc      22%        2d6       19%         4
e - Necrotise             Necr           88%        1d8       1%          1
f - Ensorcelled Hibernat  Hex/Ice        44%        N/A       2%          2
g - Blink                 Tloc           44%        N/A       2%          2
Your spell library was empty.

Dungeon Overview and Level Annotations

Branches:
Dungeon (5/15)
 Temple: D:4-7

Altars:
Hepliaklqana
Wu Jian

Shops:
D:5 [

Annotations:
D:5 2 runed translucent doors, Dittersdorf's ghost, novice GrFi


Innate Abilities, Weirdness & Mutations

You are immune to sickness and miasma.
You are immune to poison.
Your flesh is very heat resistant. (rF++)
You are vulnerable to cold. (rC-)
You float through the air rather than walking.
You learn spells naturally, not from books.
Your magical power is your life essence.
You have superior vitality. (+4 MHP)


Message History

The black bear bites you. The black bear misses you.
The black bear barely misses you.
The searing ray hits the black bear.
The black bear is moderately wounded.
The black bear barely misses you. The black bear claws you.
The black bear barely misses you.
The searing ray hits the black bear.
The black bear is heavily wounded.
You finish channelling your searing ray.
The black bear bites you but does no damage.
The black bear completely misses you.
The black bear claws you but does no damage.
Casting: Searing Ray (safe; 2% risk of failure)
Confirm with . or Enter, or press ? or * to list all spells.
Aiming: Searing Ray (safe; 2% risk of failure)
Press: ? - help, Shift-Dir - straight line, f/p - black bear
Aim: a black bear (heavily wounded, 84% to hit)
The searing ray hits the black bear.
The black bear is severely wounded. (Press . to maintain the ray.)
The black bear bites you but does no damage.
The black bear claws you. x2
Unknown command.
Unknown command.
The searing ray hits the black bear.
The black bear is almost dead.
The black bear goes berserk!
The searing ray hits the black bear.
The black bear is almost dead.
The black bear closely misses you. The black bear claws you. x2
The black bear bites you. The black bear claws you.
* * * LOW HITPOINT WARNING * * *
The black bear claws you.
* * * LOW HITPOINT WARNING * * *
The searing ray hits the black bear.
The black bear is almost dead.
* * * LOW HITPOINT WARNING * * *
You finish channelling your searing ray.
The black bear bites you!
You die...

#.........####### #..#
####............# ##.#
#.##########.####..
#..# #....#.. ##.#
####.... #.# ########.
#.# #........ #.##
###.##..### #@h#
#...##.## # ##.##
#.####.# # #..#
##.####.#
##.###..##...#
#.....###.######
#..#####........
#########..##....######
#.............[.## #
#...........#.#########


You could see a black bear (berserk).

Vanquished Creatures
  Sigmund (D:4)
  A black bear (D:5)
  3 hounds
  A sleepcap (D:4)
  An iguana (D:5)
  4 gnolls
  4 adders
  A ribbon worm (D:2)
  2 dart slugs
  5 orcs
  4 ball pythons
  12 endoplasms
  2 giant cockroaches
  2 goblins (D:3)
  7 hobgoblins
  9 jackals
  4 quokkas
  4 bats
  2 frilled lizards (D:2)
  7 kobolds
  5 rats
81 creatures vanquished.

Vanquished Creatures (others)
  A fulminant prism (D:4)
1 creature vanquished.

Grand Total: 82 creatures vanquished

Notes
Turn   | Place    | Note
-------+----------+-------------------------------------------
     0 | D:1      | hipposaver the Djinni Conjurer began the quest for the Orb.
     0 | D:1      | hipposaver set off with the following spells memorised:
                  | Magic Dart, Searing Ray, Fulminant Prism, Iskenderun's
                  | Mystic Blast.
     0 | D:1      | Reached XP level 1. HP: 15/15 MP: 0/0
   152 | D:1      | Reached XP level 2. HP: 12/22 MP: 0/0
   714 | D:1      | Found a faded altar of an unknown god.
   723 | D:1      | Reached XP level 3. HP: 23/26 MP: 0/0
   723 | D:1      | Learned a level 1 spell: Necrotise
   984 | D:2      | Reached skill level 1 in Fighting
   984 | D:2      | Reached skill level 1 in Armour
  1256 | D:2      | Reached XP level 4. HP: 31/32 MP: 0/0
  2120 | D:3      | Found an ornate altar of the Wu Jian Council.
  2126 | D:3      | Found a hazy altar of Hepliaklqana.
  2569 | D:3      | Reached XP level 5. HP: 17/38 MP: 0/0
  2569 | D:3      | Learned a level 2 spell: Ensorcelled Hibernation
  3125 | D:4      | Reached XP level 6. HP: 40/45 MP: 0/0
  3412 | D:4      | Noticed Sigmund
  3488 | D:4      | Killed Sigmund
  3489 | D:4      | Reached XP level 7. HP: 38/50 MP: 0/0
  3489 | D:4      | Learned a level 2 spell: Blink
  3639 | D:5      | Entered Level 5 of the Dungeon
  3651 | D:5      | Found a large runed translucent door.
  3651 | D:5      | Found a large runed translucent door.
  3652 | D:5      | Noticed Dittersdorf's ghost (novice GrFi)
  3658 | D:5      | Found Weseimp's Armour Shoppe.
  3884 | D:4      | Slain by a black bear

Illustrated notes

Levels and vault maps discovered:
D:1:      onia_arrival_mini_spirals, layout_loops_cross,
          hellmonk_ecumenical_altar_zigzags
D:2:      layout_basic
D:3:      layout_rooms, minitemple, serial_co_window_serial, co_window_paths_a,
          co_window_of_opportunity_a, co_window_paths_a,
          co_window_of_opportunity_a, co_window_paths_b, co_window_paths_a,
          co_window_broadway_c, co_window_unsneaky_path_c, co_window_broadway_a,
          co_window_unsneaky_path_d, co_window_of_opportunity_b, co_window_sun,
          glass_columns_a
D:4:      layout_rooms, minmay_misc_feat_rows, uniq_sigmund
D:5:      layout_cave_pools, ebering_ghost_disaster_area, serial_shops, shop,
          minivault_19, uniq_duvessa

Skill      XL: |  1  2  3  4  5  6 |
---------------+-------------------+-----
Fighting       | 1 2 3 |  3.5
Armour         | 1 2 3 |  3.5
Dodging        | 3 4 |  4.6
Spellcasting   | 4 |  4.5
Conjurations   | 4 |  4.5
Hexes          | 4 |  4.5
Summonings     | 4 |  4.5
Necromancy     | 4 |  4.5
Translocations | 4 |  4.5
Fire Magic     | 4 |  4.5
Ice Magic      | 4 |  4.5
Air Magic      | 4 |  4.5
Earth Magic    | 4 |  4.5
Alchemy        | 4 |  4.5
Stealth        | |  1.5

Action                     |  1- 3 |  4- 6 |  7- 9 || total
---------------------------+-------+-------+-------++-------
   Cast: Magic Dart        |    58 |    29 |     3 ||    90
         Searing Ray       |     7 |    38 |     8 ||    53
         Fulminant Prism   |       |     1 |       ||     1
    Use: Scroll            |     2 |     4 |     3 ||     9
         Potion            |       |     1 |       ||     1
 Armour: Robe              |     5 |    20 |    31 ||    56
  Dodge: Dodged            |     7 |    25 |    18 ||    50

Table legend: (Time is in decaauts)
 A = Elapsed time spent in this place.
 B = Non-inter-level travel time spent in this place.
 C = Inter-level travel time spent in this place.
 D = Time resting spent in this place.
 E = Time spent auto-exploring this place.
 F = Levels seen in this place.
 G = Mean time per level.
                   A        B        C        D        E       F      G
               +--------+--------+--------+--------+--------+-----+--------+
         Total |   3886 |   3765 |    121 |    536 |   2642 |   5 |  777.2 |
       Dungeon |   3886 |   3765 |    121 |    536 |   2642 |   5 |  777.2 |
               +--------+--------+--------+--------+--------+-----+--------+

Top non-repeatable levels by time:
     D:3: 1105 daAuts
     D:4: 1077 daAuts
     D:1: 931 daAuts
     D:2: 608 daAuts
     D:5: 164 daAuts
